 Dungeon Crawl Stone Soup version 0.29.1-13-g9f3cf754e1 (webtiles) character file.

Game seed: 6920875304642072293

196 112233 the Magician (level 5, -2/31 HPs)
             Began as an Octopode Air Elementalist on Feb 9, 2023.
             Slain by a hound (4 damage)
             ... on level 4 of the Dungeon.
             The game lasted 00:04:21 (5425 turns).

112233 the Magician (Octopode Air Elementalist)     Turns: 5425, Time: 00:04:21

Health: -2/31      AC:  1    Str:  8    XL:     5   Next: 75%
Magic:  6/11       EV: 13    Int: 19    God:
Gold:   194        SH:  0    Dex: 12    Spells: 6/12 levels left

rFire   . . .      SeeInvis .   e - +1 mace (venom)
rCold   . . .      Faith    .   (no shield)
rNeg    . . .      Spirit   .   (helmet restricted)
rPois   .          Reflect  .   (no amulet)
rElec   .          Harm     .   (no ring)
rCorr   .          Rampage  .   (no ring)
Will    .....                   (no ring)
Stlth   +++.......              (no ring)
HPRegen 0.10/turn               (no ring)
MPRegen 0.12/turn               (no ring)
                                (no ring)
                                (no ring)

@: no status effects
A: almost no armour, amphibious, 8 rings, camouflage 1, gelatinous body 1,
(nimble swimmer 1), tentacles
a: no special abilities


You were on level 4 of the Dungeon.
You visited 1 branch of the dungeon, and saw 4 of its levels.

You collected 194 gold pieces.

Inventory:

Hand Weapons
 e - a +1 mace of venom (weapon)
Armour
 f - a +0 kite shield
 l - an orb of energy
Scrolls
 b - 3 scrolls of teleportation
 d - a scroll of identify
 g - a scroll of brand weapon {unknown}
 m - a scroll of acquirement {unknown}
 o - 2 scrolls of butterflies {unknown}
 p - a scroll of blinking {unknown}
 q - a scroll of magic mapping {unknown}
 r - a scroll of noise {unknown}
Potions
 a - a potion of magic
 c - a potion of degeneration {unknown}
 h - a potion of lignification {unknown}
 i - a potion of might {unknown}
 j - a potion of ambrosia {unknown}
 k - a potion of attraction {unknown}
 n - a potion of haste {unknown}
 s - a potion of brilliance {unknown}


   Skills:
 - Level 2.1 Dodging
 - Level 2.9 Stealth
 * Level 4.4 Spellcasting
 - Level 1.1 Conjurations
 + Level 4.2 Air Magic


You had 6 spell levels left.
You knew the following spells:

 Your Spells              Type           Power      Damage    Failure   Level
a - Shock                 Conj/Air       56%        1d6       4%          1
b - Static Discharge      Conj/Air       14%        3-5/arc   7%          2
c - Swiftness             Air            20%        N/A       7%          3

Your spell library contained the following spells:

 Spells                   Type           Power      Damage    Failure   Level
 Poisonous Vapours        Pois/Air       24%        N/A       9%          2
 Sting                    Tmut/Pois      16%        1d3       13%         1
 Airstrike                Air            10%        2d(2-18)  24%         4
 Olgreb's Toxic Radiance  Pois           4%         N/A       78%         4
 Conjure Ball Lightning   Conj/Air       7%         3x3d6     100%        6
 Discord                  Hex            2%         N/A       100%        8
 Disjunction              Tloc           2%         N/A       100%        8


Dungeon Overview and Level Annotations

Branches:
Dungeon (4/15)
 Temple: D:4-7

Altars:
Ashenzari
Hepliaklqana
Nemelex Xobeh
Okawaru

Annotations:
D:3 exclusion: downstairs
D:4 Menkaure


Innate Abilities, Weirdness & Mutations

You cannot wear most types of armour.
You are amphibious.
You can wear up to eight rings at the same time.
Your skin changes colour to match your surroundings (Stealth+).
Your rubbery body absorbs attacks. (AC +1, EV +1)
((You are camouflaged when in or above water. (Stealth+)))
You have tentacles for arms and can constrict up to eight enemies at once.


Message History

The zap hits the hound.
The hound is moderately wounded.
Unknown command.
Casting: Shock (safe; 4% risk of failure)
Confirm with . or Enter, or press ? or * to list all spells.
Aiming: Shock (safe; 4% risk of failure)
Press: ? - help, Shift-Dir - straight line, f - Menkaure
Aim: Menkaure (wandering, hasn't noticed you, 86% to hit)
The zap hits Menkaure.
Menkaure is lightly damaged.
Menkaure shouts!
Menkaure calls on the powers of darkness!
Your body is wracked with pain!
Unknown command.
A quokka comes into view.
The hound bites you.
An adder comes into view.
Casting: Shock (safe; 4% risk of failure)
Confirm with . or Enter, or press ? or * to list all spells.
The hound is struck by an arc of lightning.
The hound is heavily wounded.
You are struck by an arc of lightning.
The hound is struck by an arc of lightning.
The hound is severely wounded.
You are struck by an arc of lightning.
The lightning grounds out.
The adder hisses angrily.
The hound pauses to sniff the ground.
The hound bites you.
* * * LOW HITPOINT WARNING * * *
The hound bites you.
* * * LOW HITPOINT WARNING * * *
The hound misses you.
Okay, then.
As you read the scroll labelled QAEMUA FOCOQO, it crumbles to dust.
It is a scroll of identify.
b - 3 scrolls of teleportation The hound bites you.
* * * LOW HITPOINT WARNING * * *
The hound bites you.
You die...

....... #.# ......... #.##
........ #..# #.......##
##..#### ##..r.....#
###.......
.##.........###.......##
..........#.....####..##
...S..h###..##..# ##..# ##.
#.....@#..###..## ##.# ....
##.#.......# ##..# ##. ....
##..####....# ##.## #.
.....#..# #....# #..#####.
#....#..## ##....##
##..##..#
##......###M.....# #....###
#................#####...##
#...<.................#
##..##M................


You could see Menkaure, a hound, an adder and a quokka.

Vanquished Creatures
  A hound (D:4)
  Robin (D:3)
  5 adders
  2 worms (D:2)
  4 dart slugs
  6 orcs
  2 bats
  7 endoplasms
  3 giant cockroaches
  14 goblins
  7 hobgoblins
  8 jackals
  6 kobolds
  3 quokkas
  5 ball pythons
  4 frilled lizards
  4 rats
82 creatures vanquished.

Notes
Turn   | Place    | Note
-------+----------+-------------------------------------------
     0 | D:1      | 112233 the Octopode Air Elementalist began the quest for
                  | the Orb.
     0 | D:1      | Reached XP level 1. HP: 11/11 MP: 3/3
   489 | D:1      | Reached XP level 2. HP: 14/17 MP: 0/5
   566 | D:1      | Learned a level 2 spell: Static Discharge
  1018 | D:1      | Found a faded altar of an unknown god.
  1315 | D:1      | Reached XP level 3. HP: 21/21 MP: 2/7
  2152 | D:2      | Reached XP level 4. HP: 20/27 MP: 0/8
  3175 | D:3      | Found an iron altar of Okawaru.
  3324 | D:3      | Reached XP level 5. HP: 31/31 MP: 6/10
  3473 | D:3      | Noticed Robin
  3489 | D:3      | Killed Robin
  4018 | D:3      | Found a hazy altar of Hepliaklqana.
  4024 | D:3      | Learned a level 3 spell: Swiftness
  4375 | D:3      | Found a sparkling altar of Nemelex Xobeh.
  4537 | D:4      | Noticed Menkaure
  5050 | D:4      | Found a broken altar of Ashenzari.
  5425 | D:4      | Slain by a hound

Illustrated notes

Levels and vault maps discovered:
D:1:      dpeg_arrival_concentric_ovals, layout_loops_ring,
          ebering_ecumenical_altar_ruins, minmay_misc_feat_five
D:2:      layout_rooms, minmay_tree_intersection
D:3:      layout_basic, mainiacjoe_overflow_catwalk, okawaru_gym_becter,
          nemelex_dance_club_becter, chequers_mini_garden,
          reono_crystal_passage, uniq_robin
D:4:      old_forge, layout_layer_cave, ashenzari_altar_1,
          nicolae_underground_beach, uniq_menkaure

Skill      XL: |  1  2  3  4  5 |
---------------+----------------+-----
Spellcasting   | 3 4 |  4.4
Air Magic      | 4 |  4.2
Dodging        | |  2.1
Stealth        | |  2.9
Conjurations   | |  1.1

Action                   |  1- 3 |  4- 6 || total
-------------------------+-------+-------++-------
Melee: Unarmed           |    12 |       ||    12
       Constrict         |     6 |     6 ||    12
       Tentacles         |     3 |     8 ||    11
       Mace              |     1 |    23 ||    24
 Cast: Shock             |    76 |    93 ||   169
       Static Discharge  |     1 |     8 ||     9
  Use: Scroll            |       |     1 ||     1
Armor: Skin              |     2 |       ||     2
Dodge: Dodged            |    24 |    35 ||    59
Block: Kite shield       |       |     3 ||     3
